 Dungeon Crawl Stone Soup version 0.13-a0-2485-g242ae62 (webtiles) character file.

2610 Rycklaryybbe the Summoner (level 9, 63/63 (67) HPs)
             Began as a Purple Draconian Summoner on July 21, 2013.
             Was a Follower of Yredelemnul.
             Quit the game on Level 8 of the Dungeon.
             The game lasted 00:49:48 (8636 turns).

Rycklaryybbe the Summoner (DrSu)                    Turns: 8636, Time: 00:49:48

HP  63/63 (67)   AC 11     Str 11      XL: 9   Next: 13%
MP  24/24        EV 12     Int 21      God: Yredelemnul [*.....]
Gold 400         SH  0     Dex 12      Spells:  5 memorised, 10 levels left

Res.Fire  : . . .   See Invis. : .   S - +0,+1 spear (vamp)
Res.Cold  : . . .   Warding    : .   (armour unavailable)
Life Prot.: . . .   Conserve   : .   (no shield)
Res.Poison: .       Res.Corr.  : .   (helmet restricted)
Res.Elec. : .       Clarity    : .   (no cloak)
Sust.Abil.: . .     Spirit.Shd : .   (no gloves)
Res.Mut.  : .       Stasis     : .   (no boots)
Res.Rott. : .       Flight     : .   (no amulet)
Saprovore : . . .                    T - +3 ring of intelligence
                                     v - +4 ring of protection

@: somewhat resistant to hostile enchantments, unstealthy
A: breathe power, unfitting armour, AC +7
a: Breathe Dispelling Energy, Animate Remains, Renounce Religion


You were on level 8 of the Dungeon.
You worshipped Yredelemnul.
Yredelemnul was most pleased with you.
You were not hungry.

You visited 1 branch of the dungeon, and saw 8 of its levels.

You collected 380 gold pieces.

Inventory:

Hand weapons
 f - a +0,+0 elven short sword
 i - a +3,+1 spear of flaming
 m - a +0,+0 spear
 o - a +0,+2 elven short sword
 p - a +1,+0 elven vampiric dagger
 q - a +0,+0 hand axe
 r - a +0,+0 sling
 y - a -1,+0 whip
 A - a +0,+0 orcish spear
 D - a -1,+1 orcish club (quivered)
 E - a +0,+0 bow
 H - a +1,+2 spear of freezing
 R - a +1,+0 dagger of draining
 S - a +0,+1 vampiric spear (weapon)
Missiles
 s - 24 stones
 t - 18 darts
 x - 4 poisoned needles
 K - 9 arrows of flame
 O - 6 javelins
Magical devices
 h - a wand of draining (7) {unknown}
 U - a wand of disintegration (24) {unknown}
Comestibles
 c - 6 bread rations
 l - 2 meat rations
 F - 4 rotting chunks of ogre flesh
Scrolls
 a - 2 scrolls of noise
 n - 6 scrolls of identify
 w - 4 scrolls of teleportation
 C - a scroll of enchant weapon II
 I - 5 scrolls of remove curse
 P - a scroll of blinking
Jewellery
 v - a +4 ring of protection (left hand)
 N - an uncursed ring of ice
 T - a +3 ring of intelligence (right hand)
Potions
 d - a potion of resistance
 e - 3 potions of curing
 g - a potion of berserk rage {unknown}
 j - 2 potions of brilliance
 u - a potion of heal wounds
 z - a potion of invisibility
 B - 2 potions of speed {unknown}
 L - a potion of agility
 M - a potion of restore abilities {unknown}
Books
 b - a book of Callings

   Spells                             Type                      Level
   *Summon Small Mammal               Summoning                    1
   *Call Imp                          Summoning                    2
   *Call Canine Familiar              Summoning                    3
   *Summon Scorpions                  Summoning/Poison             4
   Summon Ice Beast                   Ice/Summoning                4
 G - a book of Wizardry

   Spells                             Type                      Level
   *Summon Elemental                  Summoning                    4
   Agony                              Necromancy                   5
   Force Lance                        Conjuration                  5
   Fireball                           Conjuration/Fire             5
   Haste                              Charms                       6
   Invisibility                       Hexes                        6


   Skills:
 + Level 3.7 Fighting
 - Level 1.2 Maces & Flails
 + Level 2.0 Polearms
 - Level 1.7 Dodging
 - Level 1.8 Stealth
 - Level 8.1 Spellcasting
 - Level 9.4 Summonings


You had 10 spell levels left.
You knew the following spells:

 Your Spells              Type           Power        Failure   Level  Hunger
a - Summon Small Mammal   Summ           ####         1%          1    None
b - Call Imp              Summ           #####.....   1%          2    None
c - Call Canine Familiar  Summ           #####.....   1%          3    None
d - Summon Elemental      Summ           #####.....   1%          4    ###....
e - Summon Scorpions      Summ/Pois      ####......   14%         4    ###....


Dungeon Overview and Level Annotations

Branches:
Dungeon (8/27)             Temple (0/1) D:4
    Orc: D:6-11        Lair: D:8-13

Altars:
Kikubaaqudgha
Vehumet
Yredelemnul
the Shining One
Jiyva

Shops:
D:8: *

Portals:
Ziggurat: D:4 (4430 gp)


Message History

You swap places.
You see here a rotting killer bee corpse.
You see here a rotting killer bee corpse.
You see here a rotting bat corpse.
You swap places.
You see here an uncursed club.
You see here an uncursed club.
You swap places.
Your jackal disappears in a puff of smoke!
Your wolf disappears in a puff of smoke!
Your jackal disappears in a puff of smoke!
There is an open door here.
There is an open door here.
You smell something rotten. (slot F)
Things that are here:
an orcish dagger; an orcish leather armour Partly explored, can't reach some items.
Partly explored, can't reach some items.
Partly explored, can't reach some items.
Are you sure you want to abandon this character and quit the game? (Confirm with "yes".)

#### ##.......#####.#
#####..##'##.#####.#
##.P....#...#....##.#
#.......'.<.'.......#
#..###..#...#.##.##.#
###....#..##'##.......#
#...............####..#
#.#.##...#####........###
#.#........###..@.......#
.#.#.#..##......#.##+##.#
###..#..##......#.#...#.#
# ##.#..........#.'.<.'.#
###..#.###......#.#...#.#
.#h#.#.###......#.##+##.#
#.##.......###.##....h..#
######.#######..#####.###
#..##.......# #.#


There were no monsters in sight!

Vanquished Creatures
  A hill giant skeleton (D:7)
  2 sky beasts
  2 ogres
  A giant frog (D:8)
  A killer bee (D:8)
  2 hounds
  An orc priest (D:4)
  An iguana (D:7)
  An orc wizard (D:6)
  2 worker ants (D:4)
  2 hound skeletons (D:4)
  6 adders
  4 gnolls
  A worm zombie (D:5)
  An inept feature mimic (D:5)
  An inept item mimic (D:3)
  2 white imps (D:7)
  2 worms
  An adder skeleton (D:4)
  A giant eyeball (D:5)
  3 giant geckos
  11 orcs
  A ball python (D:3)
  14 bats
  5 giant cockroaches
  A gnoll zombie (D:7)
  9 hobgoblins
  12 jackals
  9 kobolds
  4 quokkas
  5 giant newts
  15 goblins
  A hobgoblin zombie (D:6)
  An orc skeleton (D:4)
  7 rats
  A rat skeleton (D:5)
134 creatures vanquished.

Vanquished Creatures (collateral kills)
  2 hippogriffs (D:7)
  A hungry ghost (D:8)
  A necrophage (D:8)
  3 ogres
  3 phantoms
  An orc warrior (D:7)
  2 centaurs
  A gnoll sergeant (D:8)
  5 killer bees (D:8)
  2 orc priests
  A centaur zombie (D:8)
  An orc wizard (D:8)
  3 scorpions
  5 worker ants
  Ijyb (D:3)
  5 jellies
  3 gnolls
  8 adders
  A giant mite (D:6)
  A worm (D:2)
  3 giant geckos
  13 orcs
  7 bats
  A bat skeleton (D:8)
  4 hobgoblins
  4 jackals
  2 quokkas
  6 goblins
  A hobgoblin zombie (D:5)
  A jackal skeleton (D:8)
  6 kobolds
  2 rats
100 creatures vanquished.

Vanquished Creatures (others)
  An air elemental (D:7)
  2 hounds (D:8)
  14 crimson imps
  An iron imp (D:5)
  An ogre zombie (D:8)
  4 shadow imps
  12 white imps
  An adder skeleton (D:8)
  5 jackals
  A giant mite zombie (D:6)
42 creatures vanquished.

Grand Total: 276 creatures vanquished

Notes
Turn   | Place    | Note
--------------------------------------------------------------
     0 | D:1      | Rycklaryybbe, the Draconian Summoner, began the quest for the Orb.
     0 | D:1      | Reached XP level 1. HP: 14/14 MP: 3/3
   241 | D:1      | Reached XP level 2. HP: 11/20 MP: 4/4
   403 | D:1      | Learned a level 2 spell: Call Imp
   451 | D:1      | Found a glowing golden altar of the Shining One.
  1237 | D:2      | Reached XP level 3. HP: 19/26 MP: 2/6
  2231 | D:3      | Learned a level 3 spell: Call Canine Familiar
  2252 | D:3      | Noticed a centaur
  2279 | D:2      | Reached XP level 4. HP: 30/33 MP: 7/9
  2581 | D:3      | Found a basalt altar of Yredelemnul.
  2622 | D:3      | Became a worshipper of Yredelemnul the Dark
  2740 | D:3      | Noticed Ijyb
  2750 | D:3      | Killed Ijyb
  3089 | D:3      | Reached XP level 5. HP: 31/38 MP: 9/12
  3187 | D:3      | Killed a centaur
  3551 | D:4      | Found a gateway to a ziggurat.
  3656 | D:4      | Found an ancient bone altar of Kikubaaqudgha.
  3690 | D:4      | Reached skill level 5 in Spellcasting
  3710 | D:4      | Reached XP level 6. HP: 29/45 MP: 15/15
  4397 | D:4      | Found a staircase to the Ecumenical Temple.
  4517 | D:5      | Entered Level 5 of the Dungeon
  4634 | D:5      | Acquired Yredelemnul's first power
  4634 | D:5      | Reached skill level 5 in Summonings
  4648 | D:5      | Paralysed by a giant eyeball for 4 turns
  4977 | D:5      | Found a viscous altar of Jiyva.
  5004 | D:5      | Found a radiant altar of Vehumet.
  5025 | D:5      | Your scales start taking on a rich purple colour.
  5025 | D:5      | Reached skill level 6 in Spellcasting
  5025 | D:5      | Reached XP level 7. HP: 50/50 MP: 5/19
  5275 | D:5      | Learned a level 4 spell: Summon Elemental
  5346 | D:6      | HP: 2/50 [orc priest/orcish flail (1)]
  5759 | D:6      | Reached skill level 7 in Summonings
  6425 | D:7      | Reached skill level 8 in Summonings
  6425 | D:7      | Reached XP level 8. HP: 48/53 MP: 18/21
  7238 | D:8      | Learned a level 4 spell: Summon Scorpions
  7246 | D:8      | Reached skill level 9 in Summonings
  7290 | D:8      | Reached skill level 1 in Fighting
  7522 | D:8      | Reached skill level 1 in Maces & Flails
  7596 | D:8      | Found Kusaal's Demolitions Depot.
  8049 | D:8      | Reached XP level 9. HP: 60/62 MP: 24/24
  8134 | D:8      | Reached skill level 1 in Polearms
  8636 | D:8      | Quit the game

Action                   |  1- 3 |  4- 6 |  7- 9 || total
-------------------------+-------+-------+-------++-------
Melee: Short sword       |    53 |       |       ||    53
       Unarmed           |     4 |       |       ||     4
       Spear             |   116 |   299 |   346 ||   761
       Whip              |       |    30 |       ||    30
Throw: Club              |     2 |       |     1 ||     3
       Dagger            |     2 |       |       ||     2
       Hand axe          |     1 |       |       ||     1
 Cast: Summon Small Mamm |     1 |     3 |       ||     4
       Call Imp          |     6 |    36 |    55 ||    97
       Call Canine Famil |       |       |    26 ||    26
       Summon Scorpions  |       |       |     1 ||     1
       Summon Elemental  |       |       |     1 ||     1
Invok: Animate Remains   |       |       |     4 ||     4
 Abil: Breathe Dispellin |       |       |     3 ||     3
  Use: Scroll            |       |     7 |     9 ||    16
       Potion            |       |       |    11 ||    11
 Stab: Sleeping          |     1 |     3 |     6 ||    10
       Distracted        |       |     1 |     4 ||     5
